 Dungeon Crawl Stone Soup version 0.31-a0-544-gceb718ecc6 (webtiles) character file.

Game seed: 16783272256453151088

147 Shayle the Trooper (level 5, 0/54 HPs)
             Began as an Ogre Shapeshifter on Aug 15, 2023.
             Killed by divine providence
             ... invoked by an orc priest
              (8 damage)
             ... on level 4 of the Dungeon.
             The game lasted 00:06:49 (3474 turns).

Shayle the Trooper (Ogre Shapeshifter)              Turns: 3474, Time: 00:06:49

Health: 0/54       AC:  3    Str: 19    XL:     5   Next: 29%
Magic:  9/9        EV:  9    Int: 11    God:
Gold:   201        SH:  0    Dex:  9    Spells: 9/9 levels left

rFire   . .          .
                       - Unarmed
rCold   . . .        (no shield)
rNeg    . . .        a - +0 animal skin
rPois   .            (helmet currently unavailable)
rElec   .            (cloak currently unavailable)
rCorr   .            (gloves unavailable)
SInv    .            (boots unavailable)
Will    .....        (no amulet)
Stlth   +            (no ring)
HPRegen 0.29/turn    (no ring)
MPRegen 0.11/turn

%: no passive effects
@: beast-form, attractive
A: beast (slay +2), large, unfitting armour, tough skin 1
a: Begin Untransformation


You were on level 4 of the Dungeon.
You were a hulking beast.
You visited 1 branch of the dungeon, and saw 4 of its levels.

You collected 201 gold pieces.

Inventory:

Armour
 a - a +0 animal skin (worn)
Jewellery
 i - an amulet of regeneration
 l - a +4 ring of protection
Talismans
 c - a beast talisman (active)
 d - a flux talisman
Wands
 s - a wand of iceblast (6)
Scrolls
 e - a scroll of immolation {unknown}
 f - a scroll of amnesia {unknown}
 h - 2 scrolls of fear {unknown}
 j - a scroll of summoning {unknown}
 k - 2 scrolls of teleportation {unknown}
 n - a scroll of torment {unknown}
 o - a scroll of revelation {unknown}
 p - a scroll of vulnerability {unknown}
 q - a scroll of silence {unknown}
 r - a scroll of acquirement {unknown}
 u - a scroll of identify {unknown}
Potions
 b - a potion of haste {unknown}
 g - a potion of ambrosia {unknown}
 m - a potion of attraction
 t - 2 potions of curing {unknown}


   Skills:
 + Level 4.0 Fighting
 - Level 1.7 Dodging
 + Level 3.6 Unarmed Combat
 + Level 2.8 Spellcasting
 - Level 3.0 Shapeshifting


You had 9 spell levels left.
You didn't know any spells.
Your spell library contained the following spells:

 Spells                   Type           Power      Damage    Failure   Level
 Slow                     Hex            4%         N/A       26%         1
 Ensorcelled Hibernation  Hex/Ice        2%         N/A       38%         2
 Confusing Touch          Hex            1%         N/A       63%         3
 Gell's Gravitas          Tloc           1%         N/A       63%         3
 Teleport Other           Tloc           1%         N/A       63%         3
 Vampiric Draining        Necr           1%         2d6       63%         3
 Vhi's Electric Charge    Tloc/Air       2%         N/A       63%         3
 Anguish                  Hex/Necr       0%         N/A       95%         4
 Summon Ice Beast         Ice/Summ       1%         N/A       95%         4
 Arcjolt                  Conj/Air       0%         1d10      100%        5
 Summon Mana Viper        Hex/Summ       1%         N/A       100%        5
 Dispersal                Tloc           0%         N/A       100%        6
 Plasma Beam              Fire/Air       0%         2x1d10    100%        6
 Monstrous Menagerie      Summ           0%         N/A       100%        7


Dungeon Overview and Level Annotations

Branches:
Dungeon (4/15)
 Temple: D:4-7

Altars:

Shops:
D:1 [


Innate Abilities, Weirdness & Mutations

You are a hulking beast.
Your limbs bulge with bestial killing power. (Slay +2)
You are too large for most types of armour.
You have tough skin. (AC +1)


Message History

A centaur comes into view.
You barely miss the centaur. The centaur closely misses you.
The centaur barely misses you.
You closely miss the centaur. The centaur hits you.
The centaur kicks you but does no damage.
You hit the centaur.
The centaur is lightly wounded.
The centaur hits you. The centaur barely misses you.
The centaur completely misses you. The centaur kicks you.
You barely miss the centaur.
The centaur is lightly wounded.
The orc priest mumbles some strange prayers to Beogh against you.
Beogh smites you! The centaur hits you. The centaur closely misses you.
It was a potion of attraction.
You feel attractive to monsters. The centaur hits you. The centaur kicks you.
The centaur hits you. The centaur barely misses you.
You barely miss the orc priest. Your punch misses the orc priest.
The orc priest barely misses you. The centaur hits you.
The centaur kicks you but does no damage.
You hit the orc priest.
The orc priest is lightly wounded.
The centaur hits you. The centaur kicks you.
The orc priest hits you with a +0 mace.
* * * LOW HITPOINT WARNING * * *
You hit the orc priest.
The orc priest is moderately wounded.
The centaur hits you but does no damage.
The centaur barely misses you. The orc priest barely misses you.
The centaur hits you but does no damage.
The centaur kicks you but does no damage.
You hit the orc priest.
The orc priest is heavily wounded.
The centaur hits you.
* * * LOW HITPOINT WARNING * * *
The centaur kicks you.
* * * LOW HITPOINT WARNING * * *
The orc priest invokes the aid of Beogh against you.
Beogh smites you!
You die...

..o. .##
..# #..
.. ...#.#
....#.#.#
#....#
#.# #.#
#o# #h#
#c#######
#.......#
#######.#
#<# #.#
#.# #.#
#.#


You could see a centaur and an orc priest.

Vanquished Creatures
  An orc wizard (D:3)
  3 adders
  2 worms
  A dart slug (D:1)
  7 orcs
  10 bats
  6 endoplasms
  4 giant cockroaches
  7 goblins
  5 hobgoblins
  5 jackals (D:3)
  3 quokkas
  5 ball pythons
  4 frilled lizards
  3 kobolds
  10 rats
76 creatures vanquished.

Notes
Turn   | Place    | Note
-------+----------+-------------------------------------------
     0 | D:1      | Shayle the Ogre Shapeshifter began the quest for the Orb.
     0 | D:1      | Reached XP level 1. HP: 19/19 MP: 1/1
   143 | D:1      | Reached XP level 2. HP: 28/28 MP: 3/3
   150 | D:1      | Reached skill level 2 in Fighting
   186 | D:1      | Reached skill level 1 in Spellcasting
   404 | D:1      | Found Tedugitu's Armour Shoppe.
   737 | D:1      | Reached XP level 3. HP: 33/36 MP: 5/5
  1432 | D:2      | Reached skill level 3 in Fighting
  1546 | D:2      | Reached XP level 4. HP: 45/45 MP: 5/7
  2340 | D:3      | Found the +1 Delatra's gloves {ID++}
  2586 | D:3      | Reached XP level 5. HP: 54/54 MP: 8/8
  2921 | D:3      | Reached skill level 4 in Fighting
  3465 | D:4      | Noticed a centaur
  3474 | D:4      | Killed from afar by an orc priest

Illustrated notes

Levels and vault maps discovered:
D:1:      scummos_arrival_simple_crosswalls, layout_loops_corners, serial_shops,
          shop, serial_bayou_pond_c, nicolae_hexahallways, patterned_corridor
D:2:      layout_basic
D:3:      layout_basic, pf_guarded_unrand_delatra
D:4:      layout_loops_ring, minmay_surrounded, uniq_edmund

Skill      XL: |  1  2  3  4  5 |
---------------+----------------+-----
Fighting       | 2 3 4 |  4.0
Spellcasting   | 1 2 |  2.8
Unarmed Combat | 3 |  3.6
Dodging        | |  1.7
Shapeshifting  | |  3.0

Action                     |  1- 3 |  4- 6 || total
---------------------------+-------+-------++-------
  Melee: Unarmed           |   105 |   110 ||   215
         Punch             |     1 |     4 ||     5
    Use: Potion            |       |     2 ||     2
 Armour: Animal skin       |    30 |    32 ||    62
         Skin              |       |     2 ||     2
  Dodge: Dodged            |    39 |    58 ||    97

Table legend: (Time is in decaauts)
 A = Elapsed time spent in this place.
 B = Non-inter-level travel time spent in this place.
 C = Inter-level travel time spent in this place.
 D = Time resting spent in this place.
 E = Time spent auto-exploring this place.
 F = Levels seen in this place.
 G = Mean time per level.
                   A        B        C        D        E       F      G
               +--------+--------+--------+--------+--------+-----+--------+
         Total |   3459 |   3377 |     82 |    158 |   2546 |   4 |  864.8 |
       Dungeon |   3459 |   3377 |     82 |    158 |   2546 |   4 |  864.8 |
               +--------+--------+--------+--------+--------+-----+--------+

Top non-repeatable levels by time:
     D:3: 1252 daAuts
     D:1: 1162 daAuts
     D:2: 1016 daAuts
     D:4: 27 daAuts
